 Dungeon Crawl Stone Soup version 0.31-a0-965-g8a8ce12e04 (webtiles) character file.

Game seed: 8399003692692234507

175 LeprechaunX the Changeling (level 5, -7/31 HPs)
             Began as an Octopode Shapeshifter on Oct 26, 2023.
             Was a Follower of Hepliaklqana.
             Mangled by an orc wizard
             ... wielding a +2 dagger of electrocution
              (10 damage)
             ... on level 4 of the Dungeon.
             The game lasted 00:02:43 (2848 turns).

LeprechaunX the Changeling (Octopode Shapeshifter)  Turns: 2848, Time: 00:02:44

Health: -7/31      AC:  1    Str: 15    XL:     5   Next: 55%
Magic:  5/5        EV: 13    Int: 13    God:    Hepliaklqana [*.....]
Gold:   125        SH:  0    Dex: 11    Spells: 4/4 levels left

rFire   . .          .
                       - Unarmed
rCold   . . .        (no shield)
rNeg    . . .        (helmet currently unavailable)
rPois   .            (no amulet)
rElec   .            (no ring)
rCorr   .            (no ring)
SInv    .            (no ring)
Will    .....        (no ring)
Stlth   ++           (no ring)
HPRegen 0.25/turn    (no ring)
MPRegen 0.09/turn    (no ring)
                     (no ring)

%: no passive effects
@: beast-form
A: beast (slay +2), reduced essence, almost no armour, amphibious, 8 rings,
camouflage 1, gelatinous body 1, (nimble swimmer 1), tentacles
a: Begin Untransformation, Renounce Religion, Recall Ancestor, Ancestor Identity


You were on level 4 of the Dungeon.
You worshipped Hepliaklqana.
Hepliaklqana was aware of your devotion.
You were a hulking beast.
You visited 1 branch of the dungeon, and saw 4 of its levels.

You collected 125 gold pieces.

Inventory:

Hand Weapons
 a - a +0 sling
Talismans
 b - a beast talisman
 c - a flux talisman
Scrolls
 e - a scroll of silence {unknown}
 h - a scroll of blinking {unknown}
 i - 2 scrolls of enchant weapon {unknown}
 k - a scroll of poison {unknown}
 l - 2 scrolls of identify {unknown}
 n - a scroll of vulnerability {unknown}
 q - a scroll of teleportation {unknown}
Potions
 d - 2 potions of haste {unknown}
 f - 2 potions of degeneration {unknown}
 g - a potion of curing {unknown}
 j - a potion of mutation {unknown}
 m - a potion of lignification
 o - a potion of magic {unknown}
 p - a potion of might {unknown}


   Skills:
 + Level 2.5 Fighting
 - Level 2.0 Dodging
 + Level 3.9 Unarmed Combat
 * Level 4.5 Shapeshifting


You had 4 spell levels left.
You didn't know any spells.
Your spell library contained the following spells:

 Spells                   Type           Power      Damage    Failure   Level
 Apportation              Tloc           0%         N/A       30%         1
 Ensorcelled Hibernation  Hex/Ice        0%         N/A       43%         2
 Jinxbite                 Hex            0%         N/A       43%         2
 Anguish                  Hex/Necr       0%         N/A       97%         4
 Alistair's Intoxication  Tmut/Pois      0%         N/A       100%        5


Dungeon Overview and Level Annotations

Branches:
Dungeon (4/15)
 Temple: D:4-7

Altars:
Ashenzari
Hepliaklqana
Kikubaaqudgha

Annotations:
D:3 3 runed translucent doors, GortTheUntimely's ghost, amateur HOFi; RandomusNamus's ghost, amateur MiCA


Innate Abilities, Weirdness & Mutations

You are a hulking beast.
Your limbs bulge with bestial killing power. (Slay +2)
Your life essence is reduced to manifest your ancestor. (-10% HP)
You cannot wear most types of armour.
You are amphibious.
You can wear up to eight rings at the same time.
Your skin changes colour to match your surroundings (Stealth+).
Your rubbery body absorbs attacks. (AC +1, EV +1)
((You are camouflaged when in or above water. (Stealth+)))
You have tentacles for arms and can constrict up to eight enemies at once.


Message History

Items here: )) [ ††.
A hound comes into view.
The hound barks!
A hound is nearby!
A hound is nearby!
A hound is nearby!
A hound is nearby!
The hound bites you but does no damage.
You closely miss the hound. You grab the hound. You constrict the hound.
The hound bites you.
A worm comes into view.
You bludgeon the hound!
The hound is heavily wounded.
You constrict the hound. The hound bites you.
The orc wizard gestures wildly while chanting.
The orc wizard flickers and vanishes!
Deactivating autopickup; reactivate with Ctrl-A.
The hound barely misses you.
Tiberia hits the hound.
You tentacle-slap the hound but do no damage.
The hound is severely wounded.
You constrict the hound. The hound bites you.
Unknown command.
You tentacle-slap the hound.
The hound is almost dead.
You constrict the hound.
You kill the hound!
Unknown command.
You closely miss something.
Tiberia completely misses something.
Something hits you.
You are electrocuted!
* * * LOW HITPOINT WARNING * * *
Unknown command.
You tentacle-slap something.
Tiberia barely misses something.
Something hits you.
* * * LOW HITPOINT WARNING * * *
Unknown command.
You tentacle-slap something. Your squeeze misses something.
Tiberia closely misses something.
Something hits you.
* * * LOW HITPOINT WARNING * * *
You are electrocuted!
You die...

####.#.##.##.#))<......#
.###....#.##.##.#.##.######
........#.........##[#
.###....####.#...###.#
##.#.....>#...###.#
#.########.......# #.#
#...##### # #.# #...# #.#
... #..h# ...# ...
####R{†#######o.... ..
.......$...oo.{....!
...w......)..R......
................###.
.####...#######.# #...# <.
#...# ## #...#


You could see the friendly Tiberia the ancestor and a worm.

Vanquished Creatures
  A hound (D:4)
  2 adders
  4 gnolls
  A worm (D:2)
  A dart slug (D:1)
  7 orcs
  7 bats
  5 endoplasms
  4 giant cockroaches
  4 goblins (D:1)
  5 hobgoblins
  8 jackals
  3 kobolds (D:1)
  3 quokkas
  7 ball pythons
  4 frilled lizards (D:1)
  3 rats
69 creatures vanquished.

Vanquished Creatures (collateral kills)
  An orc (D:4)
  A frilled lizard (D:3)
2 creatures vanquished.

Vanquished Creatures (others)
  An ancestor (D:4)
1 creature vanquished.

Grand Total: 72 creatures vanquished

Notes
Turn   | Place    | Note
-------+----------+-------------------------------------------
     0 | D:1      | LeprechaunX the Octopode Shapeshifter began the quest for
                  | the Orb.
     0 | D:1      | Reached XP level 1. HP: 13/13 MP: 1/1
   169 | D:1      | Reached XP level 2. HP: 16/18 MP: 2/2
   178 | D:1      | Found a faded altar of an unknown god.
   341 | D:1      | Reached XP level 3. HP: 23/23 MP: 3/3
   914 | D:2      | Reached XP level 4. HP: 16/29 MP: 4/4
   969 | D:2      | Reached skill level 4 in Shapeshifting
  1430 | D:2      | Found a hazy altar of Hepliaklqana.
  1443 | D:2      | Became a worshipper of Hepliaklqana the Forgotten
  1924 | D:3      | Reached XP level 5. HP: 34/34 MP: 5/5
  1959 | D:3      | Reached * piety under Hepliaklqana
  1977 | D:3      | Found a runed translucent gate.
  1978 | D:3      | Found a runed translucent gate.
  1978 | D:3      | Found a runed translucent gate.
  1980 | D:3      | Noticed GortTheUntimely's ghost (amateur HOFi)
  1981 | D:3      | Noticed RandomusNamus's ghost (amateur MiCA)
  2495 | D:3      | Found a broken altar of Ashenzari.
  2498 | D:3      | Found an ancient bone altar of Kikubaaqudgha.
  2848 | D:4      | Mangled by an orc wizard

Illustrated notes

Levels and vault maps discovered:
D:1:      scummos_arrival_star, layout_basic, ebering_ecumenical_altar_rust
D:2:      layout_loops_corners, basic_altar
D:3:      layout_loops_cross, minitemple, gammafunk_ghost_cemetery
D:4:      layout_loops_cross, serial_bayou_pond_c, uniq_eustachio, uniq_edmund

Skill      XL: |  1  2  3  4 |
---------------+-------------+-----
Fighting       | 2 |  2.5
Shapeshifting  | 4 |  4.5
Dodging        | |  2.0
Unarmed Combat | |  3.9

Action                     |  1- 3 |  4- 6 || total
---------------------------+-------+-------++-------
  Melee: Unarmed           |    72 |    72 ||   144
         Constrict         |    20 |    20 ||    40
         Tentacles         |    14 |    18 ||    32
         Punch             |     2 |     3 ||     5
   Stab: Sleeping          |     3 |     5 ||     8
         Distracted        |     1 |       ||     1
 Armour: Skin              |    29 |    33 ||    62
  Dodge: Dodged            |    44 |    42 ||    86

Table legend: (Time is in decaauts)
 A = Elapsed time spent in this place.
 B = Non-inter-level travel time spent in this place.
 C = Inter-level travel time spent in this place.
 D = Time resting spent in this place.
 E = Time spent auto-exploring this place.
 F = Levels seen in this place.
 G = Mean time per level.
                   A        B        C        D        E       F      G
               +--------+--------+--------+--------+--------+-----+--------+
         Total |   2841 |   2720 |    121 |    166 |   2133 |   4 |  710.2 |
       Dungeon |   2841 |   2720 |    121 |    166 |   2133 |   4 |  710.2 |
               +--------+--------+--------+--------+--------+-----+--------+

Top non-repeatable levels by time:
     D:2: 981 daAuts
     D:1: 927 daAuts
     D:3: 755 daAuts
     D:4: 177 daAuts
